 Dungeon Crawl Stone Soup version 0.30-a0-29-g142975f185 (webtiles) character file.

Game seed: 14586365639297313937

8149 frimble the Slicer (level 11, -2/86 HPs)
             Began as a Demonspawn Air Elementalist on Aug 27, 2022.
             Slain by a five-headed hydra (3 damage)
             ... on level 11 of the Dungeon.
             The game lasted 00:21:11 (13373 turns).

frimble the Slicer (Demonspawn Air Elementalist)   Turns: 13373, Time: 00:21:11

Health: -2/86      AC: 16    Str: 15    XL:     11   Next: 6%
Magic:  12/14      EV: 18    Int: 28    God:
Gold:   200        SH:  0    Dex: 14    Spells: 11/14 levels left

rFire   + . .      SeeInvis +    a - +5 dagger of the Fulmar {protect, rC+ Str+4 Int+4}
rCold   + + .      Faith    .    (no shield)
rNeg    . . .      Spirit   .    J - +0 troll leather armour
rPois   .          Reflect  .    e - +0 helmet
rElec   .          Harm     .    g - scarf {rC+ rF+}
rCorr   .          Rampage  .    E - +0 pair of gloves
Will    .....                    (no boots)
Stlth   +++.......               (no amulet)
HPRegen 1.04/turn                h - ring of see invisible
MPRegen 0.14/turn                n - +6 ring of intelligence

@: agile, under a protective aura
A: claws 1, yellow scales 2, ignite blood 1, powered by pain 1
a: no special abilities


You were on level 11 of the Dungeon.
You visited 1 branch of the dungeon, and saw 12 of its levels.

You collected 507 gold pieces.
You spent 307 gold pieces at shops.

Inventory:

Hand Weapons
 a - the +5 dagger of the Fulmar (weapon) {protect, rC+ Str+4 Int+4}
   (You found it on level 9 of the Dungeon)

   It grants its wielder temporary protection when it strikes (+7 to AC).
   Str:       It affects your strength (+4).
   Int:       It affects your intelligence (+4).
   rC:        It protects you from cold.
 b - a +1 scythe of venom
 c - a +0 dagger
 t - a +1 shortbow of flaming
 G - a +0 dagger of draining
Armour
 e - a +0 helmet (worn)
 g - a scarf of resistance (worn)
 E - a +0 pair of gloves (worn)
 J - a +0 troll leather armour (worn)
Jewellery
 h - a ring of see invisible (left hand)
 n - a +6 ring of intelligence (right hand)
 s - a ring of wizardry
 x - a ring of positive energy
Wands
 r - a wand of charming (3)
 I - a wand of flame (11)
Scrolls
 f - 4 scrolls of teleportation
 j - 3 scrolls of magic mapping
 k - a scroll of identify
 l - a scroll of vulnerability
 o - 3 scrolls of immolation
 u - 2 scrolls of enchant weapon
 y - a scroll of fog
 D - a scroll of silence
Potions
 d - a potion of might
 i - 2 potions of ambrosia
 m - 5 potions of attraction
 p - a potion of cancellation
 q - 4 potions of mutation
 v - 2 potions of magic
 w - 5 potions of flight
 A - 2 potions of curing
 B - a potion of brilliance
 H - 2 potions of heal wounds
Miscellaneous
 F - a condenser vane (inert)


   Skills:
 - Level 8.3 Fighting
 + Level 9.4 Short Blades
 - Level 4.2 Dodging
 - Level 7.0 Stealth
 - Level 2.0 Spellcasting
 - Level 5.2 Conjurations
 - Level 2.7 Air Magic
 - Level 5.2 Evocations


You had 11 spell levels left.
You knew the following spells:

 Your Spells              Type           Power      Damage    Failure   Level
a - Shock                 Conj/Air       100%       1d9       2%          1
b - Blink                 Tloc           4%         N/A       17%         2

Your spell library contained the following spells:

 Spells                   Type           Power      Damage    Failure   Level
 Static Discharge         Conj/Air       50%        3-7/arc   3%          2
 Sandblast                Erth           4%         2d4       11%         1
 Swiftness                Air            18%        N/A       11%         3
 Stone Arrow              Conj/Erth      34%        3d9       12%         3
 Passwall                 Tmut/Erth      1%         N/A       17%         2
 Sublimation of Blood     Necr           2%         N/A       17%         2
 Wereblood                Tmut           2%         N/A       17%         2
 Call Canine Familiar     Summ           2%         N/A       32%         3
 Gell's Gravitas          Tloc           2%         N/A       32%         3
 Lesser Beckoning         Tloc           2%         N/A       32%         3
 Portal Projectile        Hex/Tloc       4%         N/A       32%         3
 Teleport Other           Tloc           2%         N/A       32%         3
 Airstrike                Air            9%         2d(2-18)  36%         4
 Leda's Liquefaction      Hex/Erth       1%         N/A       73%         4
 Manifold Assault         Tloc           2%         N/A       97%         5
 Summon Hydra             Summ           1%         N/A       100%        7
 Chain Lightning          Conj/Air       12%        3d16      100%        9
 Fire Storm               Conj/Fire      8%         8d2       100%        9
 Shatter                  Erth           1%         3d5*      100%        9


Dungeon Overview and Level Annotations

Branches:
Dungeon (12/15)            Temple (0/1) D:4            Lair (0/5) D:11
    Orc: D:9-12

Altars:
Ashenzari
Gozag
Hepliaklqana
Kikubaaqudgha
Makhleb
Okawaru
Ru
Sif Muna
Trog
Xom
Yredelemnul

Shops:
D:3 ?[(   D:9 !   D:12 [

Annotations:
D:3 1 runed translucent door, Crazy Yiuf
D:6 1 runed translucent door
D:10 Gastronok


Innate Abilities, Weirdness & Mutations

You have sharp fingernails.
You are mostly covered in yellow scales. (AC +3)
Your demonic aura sometimes causes spilled blood to erupt in flames.
You sometimes gain a little power by taking damage.


Message History

You puncture the five-headed hydra!
The five-headed hydra is almost dead.
You barely miss the five-headed hydra.
The five-headed hydra is almost dead.
The five-headed hydra misses you. The five-headed hydra bites you.
* * * LOW HITPOINT WARNING * * *
The five-headed hydra closely misses you.
The five-headed hydra barely misses you.
The five-headed hydra bites you!
* * * LOW HITPOINT WARNING * * *
You focus on the pain.
You feel agile all of a sudden.
Okay, then.
Unknown command.
You feel much better. The five-headed hydra bites you!
* * * LOW HITPOINT WARNING * * *
The five-headed hydra bites you but does no damage.
The five-headed hydra bites you.
* * * LOW HITPOINT WARNING * * *
The five-headed hydra misses you. x2
You hit the five-headed hydra.
The five-headed hydra is almost dead.
You hit the five-headed hydra.
The five-headed hydra is almost dead.
The five-headed hydra misses you. The five-headed hydra bites you.
* * * LOW HITPOINT WARNING * * *
The five-headed hydra bites you.
* * * LOW HITPOINT WARNING * * *
The five-headed hydra bites you.
* * * LOW HITPOINT WARNING * * *
The five-headed hydra bites you but does no damage.
You hit the five-headed hydra.
The five-headed hydra is almost dead.
The five-headed hydra attacks as you move away!
The five-headed hydra bites you but does no damage.
The five-headed hydra barely misses you.
The five-headed hydra bites you.
* * * LOW HITPOINT WARNING * * *
The five-headed hydra misses you. The five-headed hydra bites you.
You die...

##########
#########[........
..................
#................
#.....D@.........
#.....###...############
#.....##.....##.........
#.#####.......#..o>.....
#.'..)#.......#......... #
#.....................
....#..............o......
....'.......>.....####....
#...####........... #....


You could see a five-headed hydra.

Vanquished Creatures
  2 two-headed ogres
  Sonja (D:11)
  An unseen horror (D:10)
  A troll (D:11)
  A hornet (D:9)
  Grinder (D:6)
  Sigmund (D:3)
  A wyvern (D:7)
  9 yaks
  3 steam dragons
  Grum (D:10)
  2 wargs
  2 water moccasins
  3 orc warriors
  2 ice beasts
  A black bear (D:4)
  An ogre (D:5)
  A sky beast (D:7)
  2 wolves (D:10)
  4 centaurs
  3 bullfrogs
  2 kobold brigands
  A necrophage (D:6)
  3 scorpions
  8 howler monkeys
  6 orc priests
  A hound (D:5)
  A gnoll bouda (D:7)
  2 jellies (D:6)
  An iguana (D:4)
  4 orc wizards
  14 gnolls
  5 adders
  2 shadow imps
  2 ufetubi
  2 worms
  2 dart slugs
  27 orcs
  6 endoplasms
  3 giant cockroaches
  9 goblins
  10 hobgoblins
  4 jackals (D:2)
  3 quokkas
  9 ball pythons
  7 bats
  3 frilled lizards (D:1)
  13 kobolds
  A kobold skeleton (D:6)
  5 rats
199 creatures vanquished.

Vanquished Creatures (collateral kills)
  Prince Ribbit (D:7)
  A water moccasin (D:5)
  A gnoll (D:7)
3 creatures vanquished.

Vanquished Creatures (others)
  A gnoll (D:7)
1 creature vanquished.

Grand Total: 203 creatures vanquished

Notes
Turn   | Place    | Note
-------+----------+-------------------------------------------
     0 | D:1      | frimble the Demonspawn Air Elementalist began the quest for
                  | the Orb.
     0 | D:1      | Reached XP level 1. HP: 13/13 MP: 3/3
   374 | D:1      | Gained mutation: You are partially covered in yellow
                  | scales. (AC +2) [demonic ancestry]
   374 | D:1      | Reached XP level 2. HP: 16/19 MP: 3/5
  1261 | D:2      | Reached XP level 3. HP: 16/24 MP: 3/6
  1576 | D:2      | Reached skill level 1 in Short Blades
  2049 | D:3      | Found Xacsosk's Weapon Boutique.
  2053 | D:3      | Reached XP level 4. HP: 30/30 MP: 3/7
  2374 | D:3      | Reached skill level 2 in Short Blades
  2552 | D:3      | Reached XP level 5. HP: 21/35 MP: 2/8
  2850 | D:3      | Noticed Sigmund
  2882 | D:3      | Killed Sigmund
  2883 | D:3      | Reached skill level 3 in Short Blades
  2883 | D:3      | Gained mutation: You are mostly covered in yellow scales.
                  | (AC +3) [demonic ancestry]
  2883 | D:3      | Reached XP level 6. HP: 41/41 MP: 9/9
  3104 | D:3      | Found Ywkag's Magic Scroll Emporium.
  3111 | D:3      | Bought a scroll of magic mapping for 82 gold pieces
  3124 | D:3      | Found Nocaa's Antique Armour Boutique.
  3187 | D:3      | Found a runed translucent door.
  3188 | D:3      | Noticed Crazy Yiuf
  3807 | D:4      | Found an ancient bone altar of Kikubaaqudgha.
  3858 | D:4      | Reached skill level 5 in Conjurations
  4057 | D:4      | Reached skill level 1 in Fighting
  4057 | D:4      | Reached skill level 4 in Short Blades
  4180 | D:4      | Reached XP level 7. HP: 40/48 MP: 10/10
  4374 | D:4      | Found a staircase to the Ecumenical Temple.
  4431 | D:5      | Entered Level 5 of the Dungeon
  4473 | D:5      | Found a sacrificial altar of Ru.
  4743 | D:5      | Found a burning altar of Makhleb.
  4770 | D:5      | Reached skill level 5 in Short Blades
  5476 | D:5      | Gained mutation: You sometimes gain a little power by
                  | taking damage. [demonic ancestry]
  5476 | D:5      | Reached XP level 8. HP: 22/60 MP: 8/11
  6002 | D:5      | Found a broken altar of Ashenzari.
  6196 | D:5      | Found an opulent altar of Gozag.
  6561 | D:6      | Found a runed translucent door.
  6564 | D:6      | Found a basalt altar of Yredelemnul.
  6646 | D:6      | Reached skill level 6 in Short Blades
  6791 | D:6      | Noticed Grinder
  6819 | D:6      | Paralysed by Grinder for 4 turns
  6826 | D:6      | Killed Grinder
  6827 | D:6      | Reached skill level 5 in Fighting
  7178 | D:6      | Learned a level 2 spell: Blink
  7413 | D:6      | Reached skill level 7 in Short Blades
  7722 | D:6      | Found a shimmering altar of Xom.
  7795 | D:7      | Noticed Prince Ribbit
  7809 | D:7      | Killed Prince Ribbit
  7810 | D:7      | Gained mutation: Your demonic aura sometimes causes spilled
                  | blood to erupt in flames. [demonic ancestry]
  7810 | D:7      | Reached XP level 9. HP: 55/71 MP: 12/12
  8259 | D:7      | Identified the +3 short sword of Honour {vamp, rN+}
  8378 | D:7      | Reached skill level 1 in Evocations
  8681 | D:7      | Found a shimmering blue altar of Sif Muna.
  8726 | D:7      | Found a bloodstained altar of Trog.
 10076 | D:9      | Reached skill level 5 in Evocations
 10475 | D:9      | Identified the +5 dagger of the Fulmar {protect, rC+ Str+4
                  | Int+4}
 10489 | D:9      | Found Podghael's Distillery.
 10839 | D:9      | Bought a potion of heal wounds for 75 gold pieces
 10839 | D:9      | Bought a potion of heal wounds for 75 gold pieces
 10839 | D:9      | Bought a potion of heal wounds for 75 gold pieces
 10878 | D:9      | Found a faded altar of an unknown god.
 10890 | D:9      | Found a faded altar of an unknown god.
 10891 | D:9      | Found a hazy altar of Hepliaklqana.
 10892 | D:9      | Found a faded altar of an unknown god.
 11091 | D:9      | Found an iron altar of Okawaru.
 11139 | D:10     | Entered Level 10 of the Dungeon
 11142 | D:10     | Noticed an unseen horror
 11158 | D:10     | Noticed a two-headed ogre
 11417 | D:9      | Killed a two-headed ogre
 11418 | D:9      | Reached skill level 5 in Stealth
 11418 | D:9      | Reached XP level 10. HP: 64/80 MP: 13/13
 12008 | D:10     | Noticed Grum
 12051 | D:10     | Killed Grum
 12302 | D:10     | Reached skill level 8 in Short Blades
 12871 | D:10     | Noticed Gastronok
 13007 | D:11     | Found a staircase to the Lair.
 13012 | D:11     | Noticed a two-headed ogre
 13071 | D:12     | Noticed an eight-headed hydra
 13096 | D:12     | Found Lismekk's Armour Shop.
 13301 | D:11     | Noticed Sonja
 13304 | D:11     | Killed a two-headed ogre
 13311 | D:11     | Reached skill level 9 in Short Blades
 13311 | D:11     | Killed Sonja
 13312 | D:11     | Gained mutation: You have sharp fingernails. [demonic
                  | ancestry]
 13312 | D:11     | Reached XP level 11. HP: 68/86 MP: 14/14
 13349 | D:11     | Noticed a five-headed hydra
 13373 | D:11     | HP: 1/86 [five-headed hydra (6)]
 13373 | D:11     | Slain by a five-headed hydra

Illustrated notes

Levels and vault maps discovered:
D:1:      mrwooster_arrival_arrow, layout_loops_ring, serial_glass,
          glass_columns_b, glass_columns_b
D:2:      layout_basic, minmay_tree_intersection
D:3:      wad_pebble_path, layout_basic, serial_shops, shop_fountains, shop,
          nicolae_shop_crystal, uniq_crazy_yiuf_cottage, uniq_sigmund
D:4:      layout_cave_pools, lemuel_round_altar,
          minmay_temple_entry_enclosed_plants
D:5:      layout_loops_cross, evilmike_ruin_ashenzari,
          mainiacjoe_overflow_paths, mainiacjoe_overflow_small_starburst,
          mainiacjoe_overflow_six_doors_small, kennysheep_generic_room_13
D:6:      layout_loops_ring, dk_yredelemnul_ordeal, tgw_xom, uniq_grinder
D:7:      layout_rooms, bloody_trog, nicolae_sif_muna_condensation,
          uniq_prince_ribbit1
D:8:      layout_rooms, minmay_hedge_maze
D:9:      layout_big_octagon, nicolae_hepliaklqana_ecumenical_no_more,
          kennysheep_mini_moat, okawaru_ov_weapons_minmay, serial_shops,
          nicolae_shop_statue_plus, kennysheep_generic_room_14
D:10:     layout_irregular_city, zin_purify, kennysheep_little_box,
          uniq_gastronok, uniq_grum, uniq_maurice, uniq_erica
D:11:     layout_irregular_city, erik_lair_orcish_takeover, uniq_sonja
D:12:     layout_irregular_city, zombieorc2_lemuel, serial_shops, shop,
          uniq_lodul

Skill      XL: |  1  2  3  4  5  6  7  8  9 10 |
---------------+-------------------------------+-----
Conjurations   | 2 3 4 5 |  5.2
Short Blades   | 1 2 3 4 5 7 9 |  9.4
Fighting       | 1 4 6 8 |  8.3
Evocations     | 5 |  5.2
Stealth        | 5 7 |  7.0
Dodging        | 4 |  4.2
Spellcasting   | |  2.0
Air Magic      | |  2.7

Action                   |  1- 3 |  4- 6 |  7- 9 | 10-12 || total
-------------------------+-------+-------+-------+-------++-------
Melee: Unarmed           |    23 |       |       |       ||    23
       Dagger            |    54 |    36 |   326 |   207 ||   623
       Punch             |     1 |       |     5 |     5 ||    11
       Halberd           |       |    58 |    54 |       ||   112
 Fire: Shortbow          |       |       |    53 |       ||    53
 Cast: Shock             |    49 |    31 |    92 |    11 ||   183
       Blink             |       |       |     2 |       ||     2
Evoke: Wand              |       |       |    15 |     2 ||    17
       Condenser vane    |       |       |       |     1 ||     1
  Use: Potion            |     3 |     2 |     5 |     2 ||    12
       Scroll            |     5 |     5 |     7 |     3 ||    20
 Stab: Sleeping          |     3 |     2 |     3 |     2 ||    10
       Distracted        |       |       |     1 |       ||     1
       Confused          |       |       |       |     1 ||     1
Armor: Robe              |    34 |    22 |       |       ||    56
       Leather armour    |       |    20 |   174 |    40 ||   234
       Troll leather arm |       |       |       |    36 ||    36
Dodge: Dodged            |    64 |    67 |   234 |   115 ||   480

Table legend: (Time is in decaauts)
 A = Elapsed time spent in this place.
 B = Non-inter-level travel time spent in this place.
 C = Inter-level travel time spent in this place.
 D = Time resting spent in this place.
 E = Time spent auto-exploring this place.
 F = Levels seen in this place.
 G = Mean time per level.
                   A        B        C        D        E       F      G
               +--------+--------+--------+--------+--------+-----+--------+
         Total |  13246 |  12521 |    725 |    824 |   9696 |  12 | 1103.8 |
       Dungeon |  13246 |  12521 |    725 |    824 |   9696 |  12 | 1103.8 |
               +--------+--------+--------+--------+--------+-----+--------+

Top non-repeatable levels by time:
     D:5: 2000 daAuts
     D:6: 1571 daAuts
     D:8: 1552 daAuts
     D:2: 1374 daAuts
     D:3: 1163 daAuts
     D:1: 1153 daAuts
    D:10: 1139 daAuts
     D:9: 1018 daAuts
     D:7: 1000 daAuts
     D:4: 911 daAuts
    D:11: 283 daAuts
    D:12: 77 daAuts
